 Dungeon Crawl Stone Soup version 0.30-a0-4-ga7cffc901d (webtiles) character file.

Game seed: 17801084248403093828

76 Setbun the Arsonist (level 4, -8/38 HPs)
             Began as a Gnoll Wanderer on Aug 20, 2022.
             Mangled by Crazy Yiuf
             ... wielding a +4 quarterstaff of chaos
              (14 damage)
             ... on level 2 of the Dungeon.
             The game lasted 00:01:41 (1810 turns).

Setbun the Arsonist (Gnoll Wanderer)                Turns: 1810, Time: 00:01:41

Health: -8/38      AC:  6    Str: 13    XL:     4   Next: 32%
Magic:  7/8        EV: 16    Int: 10    God:
Gold:   74         SH:  0    Dex: 13    Spells: 8/9 levels left

rFire   . . .      SeeInvis .    a - +0 dagger
rCold   . . .      Faith    .    (no shield)
rNeg    . . .      Spirit   .    d - +0 robe
rPois   .          Reflect  .    b - +0 helmet
rElec   .          Harm     .    (no cloak)
rCorr   .          Rampage  .    h - +1 pair of gloves
Will    .....                    j - +0 pair of boots
Stlth   +++.......               (no amulet)
HPRegen 0.12/turn                (no ring)
MPRegen 0.11/turn                (no ring)

@: agile
A: fangs 1, strong nose, distributed training
a: no special abilities


You were on level 2 of the Dungeon.
You visited 1 branch of the dungeon, and saw 2 of its levels.

You collected 74 gold pieces.

Inventory:

Hand Weapons
 a - a +0 dagger (weapon)
Armour
 b - a +0 helmet (worn)
 d - a +0 robe (worn)
 h - a +1 pair of gloves (worn)
 j - a +0 pair of boots (worn)
Scrolls
 c - a scroll of blinking
 g - a scroll of teleportation {unknown}
 i - a scroll of fog {unknown}
Potions
 e - 2 potions of curing
 f - a potion of mutation {unknown}


   Skills:
 + Level 4.6 Fighting
 + Level 1.1 Short Blades
 + Level 1.1 Long Blades
 + Level 1.1 Axes
 + Level 1.1 Maces & Flails
 + Level 1.1 Polearms
 + Level 1.1 Staves
 + Level 1.1 Ranged Weapons
 + Level 1.1 Throwing
 + Level 1.1 Armour
 + Level 1.1 Dodging
 + Level 4.2 Stealth
 + Level 1.1 Shields
 + Level 1.1 Unarmed Combat
 + Level 3.0 Spellcasting
 + Level 0.9 Conjurations
 + Level 0.9 Hexes
 + Level 0.9 Summonings
 + Level 0.9 Necromancy
 + Level 0.9 Translocations
 + Level 0.9 Transmutations
 + Level 8.8 Fire Magic
 + Level 0.9 Ice Magic
 + Level 0.9 Air Magic
 + Level 0.9 Earth Magic
 + Level 0.9 Poison Magic
 + Level 1.2 Invocations
 + Level 1.1 Evocations


You had 8 spell levels left.
You knew the following spells:

 Your Spells              Type           Power      Damage    Failure   Level
a - Foxfire               Conj/Fire      44%        2x1d6     3%          1

Your spell library contained the following spells:

 Spells                   Type           Power      Damage    Failure   Level
 Conjure Flame            Conj/Fire      11%        6-21      12%         3
 Magic Dart               Conj           12%        1d3       19%         1
 Call Imp                 Summ           3%         N/A       28%         2
 Sticky Flame             Conj/Fire      11%        2d3       36%         4
 Mephitic Cloud           Conj/Pois/Air  3%         N/A       50%         3


Dungeon Overview and Level Annotations

Branches:
Dungeon (2/15)

Altars:

Annotations:
D:2 Crazy Yiuf


Innate Abilities, Weirdness & Mutations

You have very sharp teeth.
Your uncanny sense of smell can sniff out nearby items.
Your experience applies equally to all skills.


Message History

Crazy Yiuf is lightly wounded.
Crazy Yiuf hits you with a +4 quarterstaff of chaos!
You resist with some effort.
You completely miss Crazy Yiuf.
Crazy Yiuf is lightly wounded.
Crazy Yiuf closely misses you.
You hit Crazy Yiuf but do no damage.
Crazy Yiuf is lightly wounded.
Crazy Yiuf hits you with a +4 quarterstaff of chaos.
You feel your power leaking away.
You barely miss Crazy Yiuf.
Crazy Yiuf is lightly wounded.
Crazy Yiuf completely misses you.
You hit Crazy Yiuf. You bite Crazy Yiuf.
Crazy Yiuf is moderately wounded.
Crazy Yiuf closely misses you.
You hit Crazy Yiuf.
Crazy Yiuf is heavily wounded.
Crazy Yiuf hits you with a +4 quarterstaff of chaos!
You feel agile all of a sudden.
You barely miss Crazy Yiuf.
Crazy Yiuf is heavily wounded.
Crazy Yiuf closely misses you.
You barely miss Crazy Yiuf. You bite Crazy Yiuf.
Crazy Yiuf is severely wounded.
Crazy Yiuf hits you with a +4 quarterstaff of chaos.
* * * LOW HITPOINT WARNING * * *
Crazy Yiuf burns you.
* * * LOW HITPOINT WARNING * * *
You hit Crazy Yiuf.
Crazy Yiuf is severely wounded.
Crazy Yiuf glowers.
Crazy Yiuf hits you with a +4 quarterstaff of chaos.
* * * LOW HITPOINT WARNING * * *
Crazy Yiuf freezes you.
* * * LOW HITPOINT WARNING * * *
You hit Crazy Yiuf but do no damage.
Crazy Yiuf is severely wounded.
Crazy Yiuf hits you with a +4 quarterstaff of chaos!
You die...

#.####..).#
#.# ##..##
#(# #P...#
##.# ##P).#
#..# ##.##
#.## ##)#
#.# #)## #.#
##)# #.#
#@## #.# #g#
#.# ...
####.##
#)..#
##.....#
#)..#
##......#
#####
#.......#
#.......####
#..........#


You could see Crazy Yiuf.

Vanquished Creatures
  Jessica (D:2)
  An adder (D:2)
  A gnoll (D:1)
  A dart slug (D:1)
  2 endoplasms
  2 goblins (D:1)
  3 hobgoblins
  6 kobolds (D:1)
  2 quokkas (D:1)
  5 ball pythons (D:1)
  A bat (D:1)
  A frilled lizard (D:1)
  3 rats (D:1)
29 creatures vanquished.

Notes
Turn   | Place    | Note
-------+----------+-------------------------------------------
     0 | D:1      | Setbun the Gnoll Wanderer began the quest for the Orb.
     0 | D:1      | Setbun set off with the following items: a +0 dagger, a +0
                  | helmet, a scroll of blinking, a +0 robe, a potion of
                  | curing; and the following spell memorised: Foxfire; and the
                  | following spells available to memorise: Conjure Flame,
                  | Sticky Flame.
     0 | D:1      | Reached XP level 1. HP: 20/20 MP: 4/4
   131 | D:1      | Reached XP level 2. HP: 26/26 MP: 5/5
   611 | D:1      | HP: 1/26 [gnoll/+0 spear (5)]
   614 | D:1      | Reached XP level 3. HP: 1/31 MP: 7/7
  1074 | D:1      | Reached skill level 1 in Invocations
  1412 | D:2      | Noticed Jessica
  1418 | D:2      | Killed Jessica
  1419 | D:2      | Reached skill level 1 in Short Blades
  1419 | D:2      | Reached skill level 1 in Long Blades
  1419 | D:2      | Reached skill level 1 in Axes
  1419 | D:2      | Reached skill level 1 in Maces & Flails
  1419 | D:2      | Reached skill level 1 in Polearms
  1419 | D:2      | Reached skill level 1 in Staves
  1419 | D:2      | Reached skill level 1 in Ranged Weapons
  1419 | D:2      | Reached skill level 1 in Throwing
  1419 | D:2      | Reached skill level 1 in Armour
  1419 | D:2      | Reached skill level 1 in Dodging
  1419 | D:2      | Reached skill level 1 in Shields
  1419 | D:2      | Reached skill level 1 in Unarmed Combat
  1419 | D:2      | Reached skill level 1 in Evocations
  1419 | D:2      | Reached XP level 4. HP: 38/38 MP: 8/8
  1793 | D:2      | Found a runed translucent door.
  1794 | D:2      | Noticed Crazy Yiuf
  1810 | D:2      | Mangled by Crazy Yiuf

Illustrated notes

Levels and vault maps discovered:
D:1:      mrwooster_arrival_statue_3, layout_loops_cross
D:2:      layout_rooms, serial_corexii_hall, corexii_hall_statues_u,
          chequers_hall_statues_corner_a, serial_shops, shop,
          uniq_crazy_yiuf_cottage, uniq_jessica

Skill      XL: |  1  2  3  4 |
---------------+-------------+-----
Invocations    | 1 |  1.2
Short Blades   | 1 |  1.1
Long Blades    | 1 |  1.1
Axes           | 1 |  1.1
Maces & Flails | 1 |  1.1
Polearms       | 1 |  1.1
Staves         | 1 |  1.1
Ranged Weapons | 1 |  1.1
Throwing       | 1 |  1.1
Armour         | 1 |  1.1
Dodging        | 1 |  1.1
Shields        | 1 |  1.1
Unarmed Combat | 1 |  1.1
Evocations     | 1 |  1.1
Spellcasting   | 3 |  3.0
Fighting       | |  4.6
Stealth        | |  4.2
Conjurations   | |  0.9
Hexes          | |  0.9
Summonings     | |  0.9
Necromancy     | |  0.9
Translocations | |  0.9
Transmutations | |  0.9
Fire Magic     | |  8.8
Ice Magic      | |  0.9
Air Magic      | |  0.9
Earth Magic    | |  0.9
Poison Magic   | |  0.9

Action                   |  1- 3 |  4- 6 || total
-------------------------+-------+-------++-------
Melee: Dagger            |    85 |    56 ||   141
       Bite              |     8 |     8 ||    16
 Stab: Sleeping          |    10 |       ||    10
       Distracted        |     1 |       ||     1
Armor: Robe              |    23 |     9 ||    32
Dodge: Dodged            |    39 |    34 ||    73

Table legend: (Time is in decaauts)
 A = Elapsed time spent in this place.
 B = Non-inter-level travel time spent in this place.
 C = Inter-level travel time spent in this place.
 D = Time resting spent in this place.
 E = Time spent auto-exploring this place.
 F = Levels seen in this place.
 G = Mean time per level.
                   A        B        C        D        E       F      G
               +--------+--------+--------+--------+--------+-----+--------+
         Total |   1805 |   1750 |     55 |    487 |    983 |   2 |  902.5 |
       Dungeon |   1805 |   1750 |     55 |    487 |    983 |   2 |  902.5 |
               +--------+--------+--------+--------+--------+-----+--------+

Top non-repeatable levels by time:
     D:1: 1410 daAuts
     D:2: 395 daAuts
